 Dungeon Sprint DCSS version 0.22-a0-348-gd16d139 (webtiles) character file.

7631 Goblin1989 the Executioner (level 10, -1/105 HPs)
             Began as a Minotaur Fighter on Apr 9, 2018.
             Was an Elder of Ru.
             Slain by a spriggan berserker
             ... wielding a +0 war axe
              (15 damage)
             ... in the Dungeon (Sprint V: "Ziggurat Sprint").
             The game lasted 00:13:11 (1491 turns).

Goblin1989 the Executioner (Minotaur Fighter)       Turns: 1491, Time: 00:13:13

Health: -1/105     AC: 27    Str: 30    XL:     10   Next: 98%
Magic:  7/7        EV:  8    Int:  5    God:    Ru [****..]
Gold:   0          SH: 38    Dex: 14    Spells: 9/9 levels left

rFire    + . .     SeeInvis .   F - +5 broad axe
rCold    + . .     Gourm    .   y - +18 shield of the Gong {rElec rN+ MR+ EV-5}
rNeg     + . .     Faith    .   C - +5 gold dragon scales
rPois    +         Spirit   .   (helmet restricted)
rElec    +         Reflect  +   (no cloak)
rCorr    .         Harm     .   (no gloves)
MR       +....     NoTele   +   (no boots)
Stlth    ..........             N - +5 amulet of reflection
HPRegen  0.27/turn              W - +6 ring of dexterity
MPRegen  0.10/turn              Q - +6 ring of strength

@: no status effects
A: retaliatory headbutt, horns 2, slimy green scales 1, clumsy 1, low mp 2, weak
1, no stealth, unskilled 1, inexperienced 1
a: Draw Out Power, Power Leap, Renounce Religion


You were in the Dungeon.
You worshipped Ru.
Ru was greatly pleased with you.
You were not hungry.

You visited 1 branch

Inventory:

Hand Weapons
 w - a +5 blowgun {@w1}
 F - a +5 broad axe (weapon)
 G - the +5 demon whip "Spellbinder" {antimagic, MR+}
   (You took it off a wight in the Dungeon)

   It reduces the magical energy of the wielder, and disrupts the spells and
   magical abilities of those hit.
   Natural abilities and divine invocations are not affected.
   It affects your resistance to hostile enchantments.
Armour
 y - the +18 shield of the Gong (worn) {rElec rN+ MR+ EV-5}
   (You found it in the Dungeon)

   It affects your evasion (-5).
   It insulates you from electricity.
   It protects you from negative energy.
   It affects your resistance to hostile enchantments.
 C - +5 gold dragon scales (worn)
Jewellery
 c - an uncursed ring of protection from cold
 m - an uncursed ring of protection from magic
 J - an uncursed ring of protection from cold
 N - a +5 amulet of reflection (around neck)
 Q - a +6 ring of strength (right hand)
 V - a +6 ring of dexterity
 W - a +6 ring of dexterity (left hand)
 Z - a +6 ring of strength
Wands
 A - a wand of acid (7)
 I - a wand of iceblast (7)
Scrolls
 B - 4 scrolls of blinking
 L - 7 scrolls of fog
 M - a scroll of holy word
 R - 5 scrolls of identify {@r1}
 S - 5 scrolls of remove curse {@r2}
 T - 2 scrolls of fear
Potions
 d - 2 potions of might
 f - 10 potions of curing {@q1}
 g - 14 potions of heal wounds {@q2, !q}
 h - 4 potions of haste {@q3, !q}
 i - 7 potions of magic
 j - 3 potions of berserk rage
 H - 2 potions of invisibility
 K - 2 potions of agility
 U - 3 potions of resistance
Miscellaneous
 O - a phial of floods
 P - a lamp of fire
 X - a fan of gales
 Y - a phantom mirror
Comestibles
 e - 6 rations


   Skills:
 + Level 15.2 Fighting
 * Level 21.2 Axes
 + Level 15.2 Armour
 + Level 13.8 Dodging
 + Level 14.3 Shields


You had 9 spell levels left.
You didn't know any spells.

Dungeon Overview and Level Annotations

Branches:
Dungeon (1/1)

Altars:
Ashenzari
Cheibriados
Dithmenos
Elyvilon
Fedhas
Gozag
Hepliaklqana
Kikubaaqudgha
Makhleb
Nemelex Xobeh
Okawaru
Qazlal
Ru
Sif Muna
Trog
Uskayaw
Vehumet
Wu Jian
Xom
Yredelemnul
Zin
The Shining One
Beogh
Jiyva
Lugonu

Annotations:
D exclusion: 2 oklob plants


Innate Abilities, Weirdness & Mutations

You reflexively headbutt those who attack you in melee.
You have a pair of horns on your head.
Your magical capacity is very low. (-20% MP)
You cannot be stealthy.
You are somewhat unskilled. (-1 Apt)
You are somewhat inexperienced. (-2 XL)
You are partially covered in slimy green scales. (AC +2)
You are clumsy. (Dex -2)
You are weak. (Str -2)


Message History

Unknown command.
You start resting.
HP restored.
Health restored: 105
Okay, then.
Unknown command.
Welcome to arena 14.
You enter the transporter and appear at another place.
Unknown command.
Marking area around the oklob plant as unsafe for travelling.
A wolf spider, an oklob plant, 3 spriggans and a shambling mangrove come into view.
The spriggan berserker shouts!
The spriggan air mage shouts!
The wolf spider hisses angrily.
You hear a shout!
The shambling mangrove reaches out with a gnarled limb.
Grasping roots rise from the ground around the shambling mangrove!
The oklob plant spits acid at you. The splash of acid hits you!
You are splashed with acid!
The acid burns!
The spriggan druid calls out to the beasts of the wild!
You hear a shout!
A spriggan defender and a thorn hunter come into view.
The spriggan defender is wielding a demon whip of freezing.
You take 11 damage, and have 94/105 hp.
Unknown command.
The spriggan air mage points at you and mumbles some strange words.
The bolt of lightning hits you! You resist.
You take 10 damage, and have 84/105 hp.
Roots grasp at your feet, making movement difficult.
The spriggan druid calls out to the beasts of the wild!
You escape the reach of the grasping roots.
The spriggan air mage waves its arms in wide circles.
The air twists around and strikes you!
The spriggan berserker begins to pray, but is stunned by your will!
You take 23 damage, and have 62/105 hp.
MASSIVE DAMAGE!!
You block the spriggan berserker's attack.
BONNNG!
You hear a shout!
You are too injured to fight recklessly!
Unknown command.
Unknown command.
You are too injured to fight recklessly!
Unknown command.
You are too injured to fight recklessly!
You hit the spriggan berserker.
The spriggan berserker is lightly wounded.
You block the spriggan berserker's attack.
BOUMMMMG!
The spriggan air mage waves its arms in wide circles.
The air twists around and strikes you!
* * * LOW HITPOINT WARNING * * *
You take 17 damage, and have 46/105 hp.
You miss the spriggan berserker.
The spriggan berserker is lightly wounded.
Unknown command.
You closely miss the spriggan berserker.
The spriggan berserker is lightly wounded.
The spriggan berserker mumbles some strange prayers to Trog.
The spriggan berserker goes berserk!
Unknown command.
You slice the spriggan berserker!!
The spriggan berserker is moderately wounded.
The spriggan berserker is stunned by your will and fails to attack.
Unknown command.
You slash the spriggan berserker!
The spriggan berserker is heavily wounded.
You block the spriggan berserker's attack.
GONNNNG!
A spriggan berserker comes into view. It is wielding a war axe.
The spriggan berserker shouts!
A spriggan berserker comes into view. It is wielding a rapier.
You slice the spriggan berserker!!
The spriggan berserker is severely wounded.
You block the spriggan berserker's attack.
BONNNG!
Unknown command.
You miss the spriggan berserker.
Your headbutt misses the spriggan berserker.
The spriggan berserker is severely wounded.
The thorn hunter begins to attack, but is stunned by your will!
You block the spriggan berserker's attack.
PANG!
Unknown command.
You slash the spriggan berserker!
Your headbutt misses the spriggan berserker.
The spriggan berserker is severely wounded.
The spriggan berserker hits you with an enchanted broad axe!!
* * * LOW HITPOINT WARNING * * *
A spriggan rider comes into view. It is wielding a spear of flaming.
You take 28 damage, and have 19/105 hp.
MASSIVE DAMAGE!!
You hit the spriggan rider but do no damage.
Your gold dragon scales prevents you from hitting the spriggan berserker.
You block the spriggan berserker's attack.
GONNNNG!
Unknown command.
Marking area around the oklob plant as unsafe for travelling.
An oklob plant comes into view.
The spriggan defender hits you with a demon whip of freezing.
* * * LOW HITPOINT WARNING * * *
The spriggan defender freezes you.
* * * LOW HITPOINT WARNING * * *
The spriggan berserker hits you with a war axe!
You die...

▓).()) ▓..}P)..)
▓.▓.((
▓...b[)}:P..▓...©.
▓...........▓▓▓▓▓▓
▓...........▓...8©
▓...........▓..)}.
▓.....i.... ▓....[
▓ii▓.....▓ ▓.()).
▓@▓▓▓i..▓▓ ▓.))(.
▓i.▓.i...▓..▓.(.(.
▓..isf©.....▓.((..
▓▓▓▓▓▓▓▓▓▓▓▓▓(▓.(.
▓....8©8....▓....©
▓....:|):...▓▓▓▓▓▓
▓...:.}.....▓...8©
▓...........▓..:|:
▓...........▓....[


You could see a spriggan defender, a spriggan rider, a wolf spider, an oklob
plant and 2 spriggan berserkers.

Vanquished Creatures
  2 azure jellies (D)
  2 deep elf sorcerers (D)
  A stone giant (D)
  A very ugly thing (D)
  2 yaktaur captains (D)
  2 vault guards (D)
  3 dancing weapons (D)
  An ogre mage (D)
  A deep elf knight (D)
  A flayed ghost (D)
  2 deep elf archers (D)
  2 shining eyes (D)
  6 deep elf magi (D)
  3 cyclopes (D)
  2 draconians (D)
  3 rust devils (D)
  A naga mage (D)
  2 black mambas (D)
  A vault sentinel (D)
  A spiny frog (shapeshifter) (D)
  An efreet (D)
  3 yaktaurs (D)
  A tormentor (D)
  A wind drake (shapeshifter) (D)
  A raiju (D)
  4 slime creatures (D)
  A large abomination (D)
  A naga (D)
  2 hell hounds (D)
  An insubstantial wisp (D)
  An acid dragon (D)
  4 water moccasins (D)
  A floating eye (D)
  2 orc warriors (D)
  An ogre (shapeshifter) (D)
  A centaur (D)
  An earth elemental (D)
  2 wights (D)
  A jelly (D)
  3 orc priests (D)
  A quasit (D)
  3 orc wizards (D)
  An iron imp (D)
  An adder (D)
  A white imp (D)
  A worm (shapeshifter) (D)
  An orc (D)
  A bat zombie (D)
  3 ball pythons (D)
  A leopard gecko zombie (D)
86 creatures vanquished.

Vanquished Creatures (others)
  A death ooze (D)
1 creature vanquished.

Grand Total: 87 creatures vanquished

Notes
Turn   | Place    | Note
-------+----------+-------------------------------------------
     0 | D        | Found the +6 Majin-Bo {vamp, Archmagi MP+6 Int+6}
     0 | D        | Found the +7 great mace "Firestarter" {inner flame, rF++}
     0 | D        | Goblin1989 the Minotaur Fighter began the quest for the Orb.
     0 | D        | Reached XP level 1. HP: 19/19 MP: 0/0
     2 | D        | Found a blossoming altar of Fedhas.
    38 | D        | Found a viscous altar of Jiyva.
    38 | D        | Found a hazy altar of Hepliaklqana.
    38 | D        | Found a transporter.
    38 | D        | Found an opulent altar of Gozag.
    38 | D        | Found an ancient bone altar of Kikubaaqudgha.
    38 | D        | Found a corrupted altar of Lugonu.
    50 | D        | Found a deep blue altar of Sif Muna.
    50 | D        | Found a bloodstained altar of Trog.
    50 | D        | Found a sacrificial altar of Ru.
    50 | D        | Found a stormy altar of Qazlal.
    50 | D        | Found an iron altar of Okawaru.
    51 | D        | Found a sparkling altar of Nemelex Xobeh.
    53 | D        | Found a burning altar of Makhleb.
    69 | D        | Found the +9 heavy crossbow "Sniper" {velocity, Acc+∞ SInv}
    69 | D        | Found the +10 dark maul {crush}
    69 | D        | Found the +15 Maxwell's patent armour {-Cast -Tele rElec MR+ rCorr}
    69 | D        | Found the +18 shield of the Gong {rElec rN+ MR+ EV-5}
    69 | D        | Found the cursed +14 obsidian axe {chop, +Fly SInv *Curse}
    71 | D        | Found the +6 shillelagh "Devastator" {shatter}
    71 | D        | Found the +11 plutonium sword {*Contam Stlth-}
    71 | D        | Found the +8 lance "Wyrmbane" {slay drac, rPois rF+ rC+ AC+3}
    71 | D        | Found the +9 sword of Zonguldrok {reap}
    71 | D        | Found the cursed +13 scythe of Curses {drain, *Curse}
    71 | D        | Found the +0 sword of Power
    71 | D        | Found the +16 mace of Variability {chaos}
    71 | D        | Found the +7 Singing Sword
    71 | D        | Found the +7 longbow "Piercer" {penet, EV-2}
    97 | D        | Became a worshipper of Ru the Awakened
   111 | D        | Reached skill level 9 in Axes
   111 | D        | Reached XP level 2. HP: 26/26 MP: 1/1
   115 | D        | Entered arena 2.
   115 | D        | Noticed a draconian
   115 | D        | Noticed a draconian
   115 | D        | Found a transporter.
   123 | D        | Killed a draconian
   123 | D        | Reached skill level 12 in Axes
   123 | D        | Reached skill level 5 in Dodging
   123 | D        | Reached XP level 3. HP: 39/39 MP: 2/2
   123 | D        | Reached XP level 4. HP: 47/47 MP: 3/3
   123 | D        | Reached XP level 5. HP: 52/52 MP: 4/4
   123 | D        | Reached XP level 6. HP: 60/60 MP: 5/5
   129 | D        | Killed a draconian
   129 | D        | Reached skill level 13 in Axes
   129 | D        | Reached XP level 7. HP: 68/68 MP: 6/6
   139 | D        | Entered arena 3.
   139 | D        | Noticed a spiny frog
   139 | D        | Found a transporter.
   143 | D        | Killed a spiny frog
   143 | D        | Reached XP level 8. HP: 77/77 MP: 7/7
   153 | D        | Entered arena 4.
   153 | D        | Found a transporter.
   159 | D        | Reached skill level 14 in Axes
   170 | D        | Gained mutation: You cannot be stealthy. [Ru sacrifice]
   173 | D        | Entered arena 5.
   173 | D        | Noticed a deep elf mage
   173 | D        | Noticed a deep elf archer
   173 | D        | Noticed a morningstar of holy wrath
   173 | D        | Noticed a trident of protection
   173 | D        | Found a transporter.
   176 | D        | Noticed a demonic crawler
   178 | D        | Killed a trident of protection
   178 | D        | Reached skill level 10 in Fighting
   178 | D        | Reached skill level 15 in Axes
   178 | D        | Reached skill level 10 in Shields
   180 | D        | Killed a morningstar of holy wrath
   180 | D        | Reached skill level 10 in Armour
   180 | D        | Reached XP level 9. HP: 83/86 MP: 8/8
   185 | D        | Killed a deep elf mage
   185 | D        | Reached skill level 16 in Axes
   190 | D        | Killed a deep elf archer
   486 | D        | Entered arena 6.
   486 | D        | Noticed a wind drake
   486 | D        | Noticed a deep elf knight
   486 | D        | Noticed a vault sentinel
   486 | D        | Noticed a yaktaur captain
   486 | D        | Found a transporter.
   496 | D        | Killed a yaktaur captain
   496 | D        | Reached skill level 10 in Dodging
   496 | D        | Reached XP level 10. HP: 96/96 MP: 9/9
   497 | D        | Reached skill level 17 in Axes
   497 | D        | Killed a deep elf knight
   501 | D        | Killed a vault sentinel
   507 | D        | Entered arena 7.
   507 | D        | Noticed an ogre mage
   507 | D        | Noticed a vault guard
   507 | D        | Noticed a stone giant
   507 | D        | Noticed a vault guard
   507 | D        | Noticed a green very ugly thing
   508 | D        | Found a transporter.
   513 | D        | Killed a stone giant
   515 | D        | Killed an ogre mage
   515 | D        | Reached skill level 18 in Axes
   516 | D        | Killed a vault guard
   518 | D        | Killed a green very ugly thing
   518 | D        | Reached XP level 11. HP: 96/107 MP: 10/10
   521 | D        | Killed a vault guard
   521 | D        | Reached skill level 19 in Axes
   522 | D        | Gained mutation: Your magical capacity is low. (-10% MP) [Ru sacrifice]
   522 | D        | Reached * piety under Ru
   526 | D        | Got the +0 fustibalus "Ogous" {venom, -Tele rPois Dex+2}
   531 | D        | Entered arena 8.
   532 | D        | Found a transporter.
   548 | D        | Entered arena 9.
   548 | D        | Noticed a yaktaur captain
   549 | D        | Found a transporter.
   560 | D        | Killed a yaktaur captain
   672 | D        | Got the cursed +2 morningstar "Ginee" {crush, *Corrode MR+ Str+4}
   678 | D        | Got the cursed +1 double sword "Ezugo" {drain, MP+9}
   765 | D        | Entered arena 10.
   766 | D        | Found a transporter.
   769 | D        | Reached skill level 20 in Axes
   782 | D        | Got the +3 chain mail of Pessimism {MP+9 Int+3 Dex+3}
   785 | D        | Got the cursed +0 halberd of Rotation {elec, Str+5 Dex+7}
   793 | D        | Entered arena 11.
   794 | D        | Found a transporter.
   812 | D        | Got the cursed +0 dagger of Pakkiyrch {pierce, rPois rC+ MR+}
   818 | D        | Entered arena 12.
   818 | D        | Noticed a deep elf mage
   818 | D        | Noticed a deep elf archer
   818 | D        | Noticed a deep elf sorcerer
   818 | D        | Noticed a deep elf mage
   818 | D        | Noticed a deep elf mage
   819 | D        | Noticed a flail of protection
   819 | D        | Noticed a deep elf mage
   819 | D        | Noticed a deep elf sorcerer
   819 | D        | Noticed a deep elf mage
   820 | D        | Found a transporter.
   824 | D        | Killed a deep elf mage
   825 | D        | Killed a deep elf sorcerer
   825 | D        | Reached XP level 12. HP: 100/118 MP: 9/9
   827 | D        | Killed a deep elf sorcerer
   827 | D        | Reached skill level 15 in Fighting
   827 | D        | Reached skill level 21 in Axes
   827 | D        | Reached skill level 15 in Armour
   827 | D        | Reached skill level 15 in Shields
  1152 | D        | Gained mutation: You are somewhat unskilled. (-1 Apt) [Ru sacrifice]
  1152 | D        | Reduced skill Axes to level 20
  1152 | D        | Reached ** piety under Ru
  1167 | D        | Entered arena 13.
  1167 | D        | Noticed an azure jelly
  1167 | D        | Noticed a death ooze
  1171 | D        | Noticed an azure jelly
  1173 | D        | Killed a death ooze
  1175 | D        | Killed an azure jelly
  1178 | D        | Paralysed by a floating eye for 4 turns
  1181 | D        | Gained mutation: Your magical capacity is very low. (-20% MP) [a shining eye]
  1183 | D        | Gained mutation: You are weak. (Str -2) [a shining eye]
  1187 | D        | Gained mutation: You are partially covered in slimy green scales. (AC +2) [a shining eye]
  1189 | D        | Gained mutation: You are clumsy. (Dex -2) [a shining eye]
  1190 | D        | Killed an azure jelly
  1190 | D        | Reached skill level 15 in Armour
  1190 | D        | Reached skill level 15 in Fighting
  1191 | D        | Found a transporter.
  1201 | D        | Entered arena 14.
  1206 | D        | Reached skill level 21 in Axes
  1211 | D        | Found a transporter.
  1403 | D        | Gained mutation: You are somewhat inexperienced. (-2 XL) [Ru sacrifice]
  1403 | D        | Reached XP level 11. HP: 85/112 MP: 7/7
  1403 | D        | Reached XP level 10. HP: 85/105 MP: 7/7
  1403 | D        | Reached *** piety under Ru
  1403 | D        | Reached **** piety under Ru
  1475 | D        | Entered arena 15.
  1476 | D        | Noticed a spriggan berserker
  1476 | D        | Noticed a spriggan druid
  1476 | D        | Noticed a spriggan air mage
  1476 | D        | Noticed a wolf spider
  1476 | D        | Noticed a shambling mangrove
  1476 | D        | Noticed an oklob plant
  1477 | D        | Noticed a spriggan defender
  1477 | D        | Noticed a thorn hunter
  1486 | D        | Noticed a spriggan berserker
  1487 | D        | Noticed a spriggan berserker
  1490 | D        | Noticed a spriggan rider
  1491 | D        | Noticed an oklob plant
  1491 | D        | Slain by a spriggan berserker

Vault maps used:
D:        sprint_v

Skill      XL: |  1  2  3  4  5  6  7  8  9 10 11 12 |
---------------+-------------------------------------+-----
Axes           | 9 12 13 15 16 18 20 21 | 21.2
Fighting       | 7 8 10 11 13 14 15 | 15.2
Armour         | 6 8 10 11 13 14 15 | 15.2
Dodging        | 5 6 7 9 10 11 13 13 | 13.8
Shields        | 7 8 9 10 11 13 14 14 | 14.3

Action                   |  1- 3 |  4- 6 |  7- 9 | 10-12 || total
-------------------------+-------+-------+-------+-------++-------
Melee: Broad axe         |     7 |     6 |    32 |   108 ||   153
       Headbutt          |     4 |     2 |    15 |    35 ||    56
Invok: Sacrifice Stealth |       |       |     1 |       ||     1
       Sacrifice Experie |       |       |       |     1 ||     1
       Sacrifice Essence |       |       |       |     1 ||     1
       Sacrifice Skill   |       |       |       |     1 ||     1
  Use: Potion            |     4 |       |     3 |     5 ||    12
       Scroll            |       |       |     1 |       ||     1
  Eat: Ration            |       |       |       |     1 ||     1
Armor: Gold dragon scale |     3 |       |    10 |    33 ||    46
Dodge: Dodged            |       |       |    15 |    32 ||    47
Block: Shield            |     7 |     4 |    31 |   138 ||   180

Table legend:
 A = Spawn XP
 B = Non-spawn XP
 C = Spawn XP percentage of total XP
 D = Spawn monster count
 E = Non-spawn monster count
 F = Spawn count percentage of total count
 G = Total turns spent on level
                    A         B        C        D         E        F      G
               +---------+---------+-------+---------+---------+-------+---------
         Total |       0 |   37814 |   0.0 |       0 |      87 |   0.0 |  1491
               +---------+---------+-------+---------+---------+-------+---------
             D |       0 |   37814 |   0.0 |       0 |      87 |   0.0 |  1491
               +---------+---------+-------+---------+---------+-------+---------

Vault maps used:
D:        sprint_v
